 Dungeon Crawl Stone Soup version 0.29-a0-383-g8b6f518c11 (webtiles) character file.

Game seed: 9576130703286776701

23831 Kenran the Gouger (level 12, -4/61 HPs)
             Began as a Felid Monk on May 6, 2022.
             Was a High Priest of Ru.
             Slain by a death yak (28 damage)
             ... on level 2 of the Lair of Beasts.
             The game lasted 01:33:02 (35841 turns).

Kenran the Gouger (Felid Monk)                     Turns: 35841, Time: 01:33:02

Health: -4/61      AC:  3    Str:  5    XL:     12   Next: 75%
Magic:  16/16      EV: 29    Int: 14    God:    Ru [*****.]
Gold:   1407       SH:  5    Dex: 21    Spells: 9/15 levels left
                                        Lives:  0   Deaths: 4

rFire   . . .      SeeInvis +     - Unarmed
rCold   + . .      Faith    .   (shield unavailable)
rNeg    . . .      Spirit   .   (body armour unavailable)
rPois   .          Reflect  +   (helmet unavailable)
rElec   .          Harm     .   (cloak unavailable)
rCorr   +          Rampage  .   (gloves unavailable)
Will    +....                   (boots unavailable)
Stlth   ++++++....              E - amulet of reflection
HPRegen 0.20/turn               a - ring of resist corrosion
MPRegen 0.15/turn               r - ring of willpower

@: quick
A: very small, claws 1, fangs 3, see invisible, speed 1, shaggy fur 3, weak 1,
hated by all, weak-willed 1, unskilled 1, stealthy paws, no weapons or thrown
items, no armour, multi-lived
a: Renounce Religion, Draw Out Power, Power Leap, Apocalypse


You were on level 2 of the Lair of Beasts.
You worshipped Ru.
Ru was extremely pleased with you.
You visited 3 branches of the dungeon, and saw 20 of its levels.

You collected 1407 gold pieces.

Inventory:

Jewellery
 a - a ring of resist corrosion (left paw)
 b - an amulet of the acrobat
 l - a ring of poison resistance
 q - a ring of magical power
 r - a ring of willpower (right paw)
 E - an amulet of reflection (around neck)
Wands
 j - a wand of mindburst (11)
 m - a wand of polymorph (13)
 t - a wand of digging (4)
 D - a wand of flame (16)
Scrolls
 c - 5 scrolls of immolation {!r}
 h - 4 scrolls of fear
 k - 9 scrolls of teleportation
 o - 3 scrolls of amnesia
 p - 3 scrolls of magic mapping
 u - 4 scrolls of poison {!r}
 w - 2 scrolls of blinking
 y - a scroll of silence {unknown}
 z - a scroll of brand weapon {unknown}
 B - 2 scrolls of fog
 C - a scroll of enchant weapon {unknown}
Potions
 d - 2 potions of flight
 e - 4 potions of attraction {!q}
 f - 3 potions of haste
 g - 5 potions of curing {@q1}
 i - 5 potions of might
 n - 6 potions of mutation {!q}
 s - 3 potions of brilliance
 v - a potion of heal wounds {@q2}
 x - 2 potions of invisibility {unknown}
Miscellaneous
 A - a box of beasts


   Skills:
 - Level 12.0 Fighting
 - Level 13.1 Dodging
 - Level 13.0 Stealth
 - Level 14.5 Unarmed Combat
 - Level 2.0 Spellcasting
 * Level 7.6 Transmutations
 - Level 4.0 Evocations


You had 9 spell levels left.
You knew the following spells:

 Your Spells              Type           Power      Damage    Failure   Level
a - Statue Form           Tmut/Erth      8%         N/A       100%        6

Your spell library contained the following spells:

 Spells                   Type           Power      Damage    Failure   Level
 Freeze                   Ice            4%         1d3       24%         1
 Magic Dart               Conj           4%         1d3       24%         1
 Pain                     Necr           4%         1d4       24%         1
 Shock                    Conj/Air       4%         1d3       24%         1
 Searing Ray              Conj           2%         2d4       34%         2
 Dazzling Flash           Conj/Hex       2%         N/A       56%         3
 Frozen Ramparts          Ice            2%         1d2       56%         3
 Swiftness                Air            1%         N/A       56%         3
 Yara's Violent Unravell  Hex/Tmut       6%         3d5       80%         5
 Airstrike                Air            0%         N/A       93%         4
 Fulminant Prism          Conj/Hex       0%         3d6       93%         4
 Hailstorm                Conj/Ice       1%         3d3       93%         4
 Leda's Liquefaction      Hex/Erth       0%         N/A       93%         4
 Agony                    Necr           1%         N/A       100%        5
 Lee's Rapid Deconstruct  Erth           0%         3d5*      100%        5
 Silence                  Hex/Air        0%         N/A       100%        5
 Tukima's Dance           Hex            Unusable   N/A       N/A         3
 Summon Lightning Spire   Summ/Air       Unusable   N/A       N/A         4
 Excruciating Wounds      Necr           Unusable   N/A       N/A         5

Dungeon Overview and Level Annotations

Branches:
Dungeon (13/15)            Temple (1/1) D:4            Lair (6/6) D:10
 Shoals (0/4) Lair:3       Spider (0/4) Lair:3          Orc (0/2) D:9
  Slime: Lair:5-6    Vaults: D:13-14

Altars:
Ashenzari
Cheibriados
Dithmenos
Elyvilon
Fedhas
Gozag
Hepliaklqana
Kikubaaqudgha
Makhleb
Nemelex Xobeh
Okawaru
Qazlal
Ru
Sif Muna
Trog
Uskayaw
Vehumet
Wu Jian
Xom
Yredelemnul
Zin
The Shining One
Beogh

Shops:
D:8 [

Annotations:
D:7 exclusion: downstairs
D:13 2 transporters, Ymuodei's ghost, journeyman MiFi
Lair:1 exclusion: downstairs
Lair:4 exclusions: catoblepas and 2 death yaks
Lair:5 1 runed translucent door, exclusions: downstairs and hydra, Dutif's ghost, journeyman OpVM
Lair:6 1 runed translucent door, exclusions: hydra and oklob plant


Innate Abilities, Weirdness & Mutations

You have sharp claws.
You have razor-sharp teeth.
You have supernaturally acute eyesight. (SInv)
You cover ground quickly. (Speed+)
Your thick and shaggy fur keeps you warm. (AC +3, rC+)
You are weak. (Str -2)
You are hated by all.
You are slightly weak-willed. (Will-)
You are somewhat unskilled. (-1 Apt)
Your paws help you pounce on unaware monsters.
You are incapable of wielding weapons or throwing items.
You cannot wear armour.
You gain extra lives every three experience levels.


Message History

You claw the death yak! You claw the death yak. You bite the death yak.
The death yak is moderately wounded.
You claw the death yak! You bite the death yak.
The death yak is heavily wounded.
The death yak barely misses you.
You claw the death yak!
The death yak is heavily wounded.
The death yak gores you.
You scratch the death yak but do no damage.
You bite the death yak.
The death yak is severely wounded.
The death yak closely misses you.
You claw the death yak!
You bite the death yak, but do no damage.
The death yak is severely wounded.
You barely miss the death yak. Your bite misses the death yak.
The death yak is severely wounded.
The death yak gores you!
You are too injured to fight recklessly!
You are too injured to fight recklessly!
You barely miss the death yak.
The death yak is severely wounded.
The death yak misses you.
You claw the death yak!
You bite the death yak, but do no damage.
The death yak is almost dead.
You block the death yak's attack.
You scratch the death yak.
You kill the death yak!
You claw the death yak!
The death yak is moderately wounded.
The death yak misses you.
You scratch the death yak.
You claw the death yak, but do no damage.
The death yak is moderately wounded.
The death yak barely misses you.
You scratch the death yak.
The death yak is moderately wounded.
The death yak gores you!!
You die...

.....................##
......................#
...#.........##..#...##
.............##..#...#
......#.........#....##
......#..........#....#
.....................##
......#.....P...##...P#
......#.....P...@#...##
#....#..........#Y...#
...........#.###.#...#
...........####.##...#
.............<........#
......................P#
.................Y....##
#.#####...........Y...#
####.##.....#..##.....#


You could see a death yak.

Vanquished Creatures
  Gastronok (D:12)
  2 hydras
  A boulder beetle (Lair:2)
  2 catoblepae
  4 two-headed ogres
  2 dancing weapons (D:13)
  2 centaur warriors (D:13)
  7 death yaks
  Amaemon (D:8)
  2 lindwurms (Lair:6)
  A deep elf pyromancer (D:12)
  A wolf spider (D:11)
  4 cyclopes
  An ugly thing (D:11)
  A manticore (D:11)
  6 black mambas
  A merfolk siren (Lair:3)
  18 elephants
  An orange demon (D:8)
  7 torpor snails
  2 gargoyles (D:11)
  8 cane toads
  2 unseen horrors
  3 kobold demonologists
  11 komodo dragons
  2 trolls (D:10)
  8 hornets
  2 tyrant leeches (Lair:6)
  3 polar bears (Lair:1)
  23 blink frogs
  11 dream sheep
  7 slime creatures
  Sigmund (D:2)
  A vampire (D:11)
  7 wyverns
  4 vampire mosquitoes (D:11)
  38 yaks
  4 steam dragons
  3 acid dragons
  10 water moccasins
  A sky beast (D:7)
  3 orc warriors
  5 black bears
  5 centaurs
  20 wolves
  18 bullfrogs
  5 kobold brigands
  5 scorpions
  4 wights (D:7)
  15 killer bees (D:9)
  An electric eel (Lair:1)
  2 howler monkeys (D:8)
  4 jellies
  3 orc priests
  8 hounds
  A gnoll shaman (D:5)
  An iguana (D:3)
  Natasha (thrice) (D:2)
  6 orc wizards
  8 adders
  8 gnolls (D:5)
  A shadow imp (D:6)
  3 white imps
  2 ufetubi
  5 worms
  A dart slug (D:1)
  40 orcs
  8 ball pythons
  7 endoplasms
  3 giant cockroaches
  7 goblins
  4 hobgoblins
  12 kobolds
  3 quokkas
  17 bats
  A frilled lizard (D:2)
  A goblin zombie (D:5)
  6 rats
  A rat zombie (D:5)
463 creatures vanquished.

Vanquished Creatures (others)
  A cane toad (D:10)
  A troll (D:11)
  A howler monkey (D:8)
  A lava snake (D:8)
  An orc (D:8)
  59 fungi
  90 plants
154 creatures vanquished.

Grand Total: 617 creatures vanquished

Notes
Turn   | Place    | Note
-------+----------+-------------------------------------------
     0 | D:1      | Kenran the Felid Monk began the quest for the Orb.
     0 | D:1      | Reached XP level 1. HP: 10/10 MP: 2/2
   264 | D:1      | Reached XP level 2. HP: 14/14 MP: 3/3
   501 | D:1      | Found a faded altar of an unknown god.
   509 | D:1      | Reached skill level 4 in Unarmed Combat
   615 | D:1      | Reached XP level 3. HP: 17/17 MP: 4/4
   781 | D:2      | Noticed Sigmund
   909 | D:2      | Reached XP level 4. HP: 19/21 MP: 5/5
  1009 | D:2      | Noticed Natasha
  1019 | D:2      | Killed Natasha
  1020 | D:2      | Reached skill level 5 in Unarmed Combat
  1136 | D:2      | Noticed Natasha
  1138 | D:2      | Killed Natasha
  1282 | D:2      | Reached XP level 5. HP: 24/24 MP: 6/6
  2616 | D:3      | Gained mutation: You are covered in thick fur. (AC +2)
                  | [Felid growth]
  2616 | D:3      | Reached XP level 6. HP: 12/28 MP: 7/7
  2823 | D:4      | Found a staircase to the Ecumenical Temple.
  2833 | Temple   | Entered the Ecumenical Temple
  3063 | D:4      | Found a hazy altar of Hepliaklqana.
  3064 | D:4      | Found a glowing golden altar of the Shining One.
  3065 | D:4      | Found a glowing silver altar of Zin.
  3686 | D:4      | HP: 1/28 [orc wizard/puff of flame (11)]
  3691 | D:4      | Reached skill level 5 in Dodging
  3981 | D:4      | Killed from afar by an orc priest
  3982 | D:4      | Reached XP level 5. HP: -5/25 MP: 6/6
  4014 | D:4      | Reached skill level 6 in Unarmed Combat
  4152 | D:5      | Entered Level 5 of the Dungeon
  4490 | D:5      | Noticed an ogre
  4596 | D:5      | Noticed a centaur
  4603 | D:5      | Reached XP level 6. HP: 12/28 MP: 7/7
  4621 | D:5      | Reached skill level 5 in Stealth
  4697 | D:5      | Reached skill level 7 in Unarmed Combat
  4755 | D:5      | Reached XP level 7. HP: 13/32 MP: 8/8
  5666 | D:5      | Found a radiant altar of Vehumet.
  5668 | D:5      | Found an ancient bone altar of Kikubaaqudgha.
  5733 | D:5      | Reached skill level 8 in Unarmed Combat
  6381 | D:6      | Noticed a komodo dragon
  7212 | D:7      | Found a shadowy altar of Dithmenos.
  7230 | D:7      | Reached skill level 5 in Fighting
  7436 | D:7      | Reached XP level 8. HP: 29/37 MP: 9/9
  7745 | D:7      | Found an iron altar of Okawaru.
  7900 | D:7      | Reached skill level 9 in Unarmed Combat
  8087 | D:7      | Found a sacrificial altar of Ru.
  8111 | D:7      | Became a worshipper of Ru the Awakened
  8123 | D:7      | Gained mutation: You are slightly weak-willed. (Will-) [Ru
                  | sacrifice]
  8123 | D:7      | Reached * piety under Ru
  8123 | D:7      | Reached ** piety under Ru
  9065 | D:8      | Reached skill level 10 in Unarmed Combat
  9098 | D:8      | Noticed a kobold demonologist
  9376 | D:7      | Reached XP level 9. HP: 18/40 MP: 10/10
  9558 | D:8      | Noticed a sixfirhy
  9558 | D:8      | Killed a kobold demonologist
  9561 | D:8      | Noticed a two-headed ogre
  9696 | D:8      | Killed a two-headed ogre
 10182 | D:7      | Found an iron altar of Okawaru.
 10360 | D:8      | Found a blossoming altar of Fedhas.
 10595 | D:8      | Noticed a two-headed ogre
 10785 | D:7      | Found a shadowy altar of Dithmenos.
 10802 | D:8      | Noticed Amaemon
 11083 | D:8      | Killed a two-headed ogre
 11084 | D:8      | Reached XP level 10. HP: 33/48 MP: 11/11
 11372 | D:8      | Reached skill level 11 in Unarmed Combat
 11505 | D:8      | Noticed an orange demon
 11738 | D:8      | Found Vibul's Armour Emporium.
 11905 | D:9      | Reached skill level 10 in Stealth
 12083 | D:9      | Found a staircase to the Orcish Mines.
 12102 | D:9      | Found a basalt altar of Yredelemnul.
 12160 | D:9      | Found a white marble altar of Elyvilon.
 13082 | D:9      | Found an ornate altar of the Wu Jian Council.
 13452 | D:9      | Gained mutation: You are hated by all. [Ru sacrifice]
 13452 | D:9      | Reached *** piety under Ru
 13517 | D:10     | Entered Level 10 of the Dungeon
 14045 | D:10     | Found a stormy altar of Qazlal.
 14333 | D:10     | Found a staircase to the Lair.
 14498 | D:10     | Reached XP level 11. HP: 4/53 MP: 12/12
 14836 | D:10     | Noticed a two-headed ogre
 15146 | D:10     | Killed a two-headed ogre
 15147 | D:10     | Reached skill level 10 in Dodging
 15235 | Lair:1   | Entered Level 1 of the Lair of Beasts
 15253 | Lair:1   | Reached skill level 12 in Unarmed Combat
 15696 | Lair:1   | Reached skill level 1 in Evocations
 15747 | Lair:1   | Noticed a six-headed hydra
 16278 | D:11     | Noticed a red ugly thing
 16784 | D:11     | Reached skill level 10 in Fighting
 17629 | D:11     | Noticed a wolf spider
 17629 | D:11     | Noticed a two-headed ogre
 17640 | D:11     | Killed a wolf spider
 17838 | D:11     | Gained mutation: You are weak. (Str -2) [Ru sacrifice]
 17991 | D:10     | Killed a six-headed hydra
 17992 | D:10     | Reached skill level 13 in Unarmed Combat
 18817 | Lair:1   | Gained mutation: Your thick and shaggy fur keeps you warm.
                  | (AC +3, rC+) [Felid growth]
 18817 | Lair:1   | Reached XP level 12. HP: 59/60 MP: 13/13
 19226 | Lair:2   | Noticed a death yak
 19226 | Lair:2   | Noticed a death yak
 19226 | Lair:2   | Noticed a death yak
 19391 | Lair:1   | Slain by a wolf
 19392 | Lair:1   | Reached XP level 11. HP: -1/54 MP: 12/12
 20075 | Lair:2   | Noticed a catoblepas
 20303 | Lair:3   | Gained mutation: You are somewhat unskilled. (-1 Apt) [Ru
                  | sacrifice]
 20303 | Lair:3   | Reduced skill Unarmed Combat to level 12
 20303 | Lair:3   | Reached **** piety under Ru
 20303 | Lair:3   | Reached ***** piety under Ru
 20625 | Lair:3   | Reached skill level 10 in Stealth
 20646 | Lair:3   | Found a staircase to the Shoals.
 20760 | Lair:3   | Found a hole to the Spider Nest.
 21591 | Lair:4   | HP: 2/55 [dream sheep (25)]
 22537 | Lair:4   | Noticed a catoblepas
 22548 | Lair:4   | Reached XP level 12. HP: 60/60 MP: 13/13
 23010 | Lair:4   | Noticed a death yak
 23010 | Lair:4   | Noticed a death yak
 23010 | Lair:4   | Noticed a death yak
 23268 | Lair:4   | Got the Handbook of Supportive Hexes
 23610 | Lair:4   | Noticed a death yak
 23925 | Lair:5   | Found a runed translucent door.
 23925 | Lair:5   | Found a shimmering altar of Xom.
 23925 | Lair:5   | Noticed Dutif's ghost (journeyman OpVM)
 24001 | Lair:5   | Reached skill level 13 in Unarmed Combat
 24677 | Lair:5   | Noticed an eight-headed hydra
 25267 | Lair:5   | Found a runed translucent door.
 25338 | Lair:5   | Found a shimmering altar of Xom.
 25612 | Lair:6   | Entered Level 6 of the Lair of Beasts
 25612 | Lair:6   | Noticed a death yak
 25613 | Lair:6   | Noticed a death yak
 26123 | Lair:6   | Killed a death yak
 26840 | Lair:5   | Reached skill level 14 in Unarmed Combat
 27266 | Lair:6   | Reached XP level 13. HP: 59/63 MP: 14/14
 27658 | Lair:6   | Identified the +7 mace "Tur Ehoebb" {vamp, rPois rC+}
 28911 | Lair:6   | Found a runed translucent door.
 29362 | Lair:6   | Killed from afar by a lindwurm
 29363 | Lair:6   | Reached XP level 12. HP: -11/60 MP: 13/13
 29387 | Lair:6   | Killed a catoblepas
 29711 | Lair:6   | Paralysed by a hornet for 1 turns
 29714 | Lair:6   | Paralysed by a hornet for 2 turns
 29719 | Lair:6   | Paralysed by a hornet for 1 turns
 31256 | D:2      | Noticed Natasha
 31261 | D:2      | Killed Sigmund
 31267 | D:2      | Killed Natasha
 31790 | D:8      | Killed Amaemon
 31842 | D:8      | Reached skill level 1 in Spellcasting
 32176 | D:11     | Killed a two-headed ogre
 32218 | D:11     | Learned a level 6 spell: Statue Form
 32671 | D:12     | Reached skill level 1 in Transmutations
 32826 | D:12     | Reached XP level 13. HP: 64/64 MP: 16/16
 33006 | D:12     | Noticed Gastronok
 33011 | D:12     | Killed Gastronok
 33441 | D:13     | Found a transporter.
 33443 | D:13     | Found a transporter.
 33444 | D:13     | Noticed Ymuodei's ghost (journeyman MiFi)
 34037 | D:13     | HP: 1/64 [+4 long sword (12)]
 34634 | D:13     | Found a stormy altar of Qazlal.
 34643 | D:13     | Reached skill level 5 in Transmutations
 35309 | Lair:2   | Mangled by a catoblepas
 35310 | Lair:2   | Reached XP level 12. HP: -9/58 MP: 16/16
 35368 | Lair:2   | Killed a catoblepas
 35752 | Lair:2   | Noticed a death yak
 35753 | Lair:2   | Noticed a death yak
 35765 | Lair:2   | Killed a death yak
 35768 | Lair:2   | Noticed a death yak
 35789 | Lair:2   | Killed a death yak
 35809 | Lair:2   | Killed a death yak
 35826 | Lair:2   | Killed a death yak
 35837 | Lair:2   | Killed a death yak
 35841 | Lair:2   | Slain by a death yak

Illustrated notes

Levels and vault maps discovered:
D:1:      doesnt_arrival_eight_statues, layout_rooms,
          shapermc_ecumenical_altar_mp_highgroup, minmay_misc_feat_alley,
          minmay_curled_crystal
D:2:      layout_basic, serial_bayou_pond_a, chequers_serial_rivers_micro_d,
          minmay_tromino_v7, uniq_sigmund, uniq_natasha
D:3:      layout_basic, dk_noncrumbling_2, grunt_ministairs_6
D:4:      layout_loops_ring, chequers_temple_overflow_statue_of_worship,
          minmay_temple_entry_mini_moons, corexii_hall_statues_x,
          nicolae_wormholes
D:5:      old_forge, layout_basic, mainiacjoe_overflow_large_starburst,
          enter_ossuary_4
D:6:      layout_cave_pools
D:7:      layout_basic, mainiacjoe_overflow_24_doors,
          mainiacjoe_overflow_tiny_flanked, nicolae_ru_the_path_less_chosen,
          minmay_misc_feat_iff
D:8:      layout_basic, fedhas_altar_3, serial_shops, nicolae_shop_trees,
          kennysheep_generic_room_9, uniq_amaemon
D:9:      layout_cave_pods, kennysheep_ying_yang, nzn_wu_jian_council_hall,
          david_orc_5
D:10:     layout_basic, amcnicky_altar_gilded, erik_lair_island
D:11:     layout_layer_cave, grunt_potential
D:12:     layout_loops_corners, uniq_gastronok
D:13:     layout_big_octagon, erik_vaults_1, gammafunk_ghost_hive,
          grunt_qazlal_clouds
Temple:   dpeg_three_leaves_temple
Lair:1:   layout_chaotic_city, chequers_serial_rivers_small_3, minivault_19,
          cheibrodos_lair_lostbears, grunt_megastairs_3, serial_bayou_shore_a,
          infiniplex_staircase_pool
Lair:2:   layout_regular_city, beast_lair_carwin_9, lemuel_fruit_tree
Lair:3:   layout_chaotic_city, minmay_shoals_entry_lonely_mermaid,
          dummy_spider_entry, cheibrodos_lair_caveside_slide
Lair:4:   layout_layer_cave, gauntlet_entry_generic
Lair:5:   layout_regular_city, ebering_ghost_xom, beast_lair_carwin_3
Lair:6:   wormcave, layout_gridlike, minmay_slime_entry_oklob_enclosed,
          grunt_megastairs_5, serial_bayou_shore_b

Skill      XL: |  1  2  3  4  5  6  7  8  9 10 11 12 13 |
---------------+----------------------------------------+-----
Stealth        | 3 4 5 6 7 9 10 10 13 | 13.0
Unarmed Combat | 4 5 6 7 8 10 11 12 14 | 14.5
Dodging        | 5 6 8 9 11 13 | 13.1
Fighting       | 4 5 8 9 11 12 | 12.0
Evocations     | 4 |  4.0
Spellcasting   | 1 2 |  2.0
Transmutations | 7 6 |  7.6

Action                   |  1- 3 |  4- 6 |  7- 9 | 10-12 | 13-15 || total
-------------------------+-------+-------+-------+-------+-------++-------
Melee: Unarmed           |    81 |   172 |   281 |  1298 |   316 ||  2148
       Bite              |    13 |    29 |    34 |   199 |    77 ||   352
       Punch             |     3 |     5 |    19 |   133 |    44 ||   204
Invok: Sacrifice Essence |       |       |     1 |       |       ||     1
       Draw Out Power    |       |       |       |    12 |     3 ||    15
       Sacrifice Love    |       |       |       |     1 |       ||     1
       Apocalypse        |       |       |       |     1 |       ||     1
       Sacrifice Purity  |       |       |       |     1 |       ||     1
       Sacrifice Skill   |       |       |       |     1 |       ||     1
       Reject Sacrifices |       |       |       |     1 |       ||     1
       Power Leap        |       |       |       |       |     1 ||     1
Evoke: Wand              |       |       |     7 |    37 |     6 ||    50
  Use: Potion            |     1 |     5 |     2 |    10 |     2 ||    20
       Scroll            |       |     3 |     5 |    13 |     3 ||    24
 Stab: Sleeping          |     4 |    15 |    10 |    30 |     7 ||    66
       Distracted        |       |     4 |     3 |    16 |     2 ||    25
       Held in net/web   |       |     2 |       |       |       ||     2
       Invisible         |       |       |       |     6 |     2 ||     8
       Paralysed         |       |       |       |     1 |     1 ||     2
Armor: Skin              |     5 |     7 |     8 |    44 |    15 ||    79
Dodge: Dodged            |    61 |   122 |   182 |  1043 |   177 ||  1585
Block: Other             |       |       |       |    22 |    32 ||    54

Table legend: (Time is in decaauts)
 A = Elapsed time spent in this place.
 B = Non-inter-level travel time spent in this place.
 C = Inter-level travel time spent in this place.
 D = Time resting spent in this place.
 E = Time spent auto-exploring this place.
 F = Levels seen in this place.
 G = Mean time per level.
                   A        B        C        D        E       F      G
               +--------+--------+--------+--------+--------+-----+--------+
         Total |  32049 |  30766 |   1283 |  14413 |   9014 |  20 | 1602.4 |
       Dungeon |  19319 |  18373 |    946 |   8518 |   5591 |  13 | 1486.1 |
        Temple |     64 |     53 |     11 |      0 |     46 |   1 |   64.0 |
          Lair |  12665 |  12340 |    325 |   5894 |   3376 |   6 | 2110.8 |
               +--------+--------+--------+--------+--------+-----+--------+

Top non-repeatable levels by time:
  Lair:5: 3431 daAuts
  Lair:6: 3020 daAuts
     D:7: 2975 daAuts
    D:10: 2355 daAuts
    D:11: 2140 daAuts
  Lair:3: 2025 daAuts
     D:5: 1890 daAuts
  Lair:1: 1791 daAuts
     D:8: 1626 daAuts
    D:12: 1482 daAuts
     D:4: 1363 daAuts
     D:9: 1348 daAuts
     D:2: 1316 daAuts
  Lair:2: 1213 daAuts
  Lair:4: 1185 daAuts
